[Event "*** Qualifier 2: Titled Tuesday 3|2 Blitz"]
[Site "Chess.com"]
[Date "2017.04.11"]
[Round "6"]
[White "hermionegrangermagic"]
[Black "Grebeniuk-S"]
[Result "0-1"]
[WhiteElo "2279"]
[BlackElo "2401"]
[TimeControl "180+2"]
[EndTime "14:25:01 PDT"]
[Termination "Grebeniuk-S won by checkmate"]

1. e4 d5 2. exd5 Qxd5 3. Nc3 Qa5 4. d4 Nf6 5. Bd2 Qb6 6. Nf3 Bg4 7. Bc4 e6 8. O-O c6 9. Bb3 Bd6 10. Be3 Qc7 11. h3 Bh5 12. g4 Bg6 13. Re1 O-O 14. Bg5 Nbd7 15. a4 h6 16. Be3 Rfe8 17.
Qd2 Nd5 18. Nxd5 exd5 19. Nh4 Be4 20. c3 Nf8 21. Bc2 Qd8 22. Nf5 Bxf5 23. Bxf5 Qf6 24.
Bc2 Ng6 25. Qd3 Re4 26. Qd2 Ree8 27. Qd3 Rad8 28. Qf5 Qxf5 29. gxf5 Nh4 30. Re2 Re7 31. a5 a6 32. b4 Rde8 33. Rd1 Bf4 34. Rd3 Bg5 35. Kf1 Nxf5 36. Bb1 Bxe3 37. fxe3 Ng3+ 38. Kf2 Nxe2 39. Kxe2 f5 40. Kf3 g5 41. Ba2 Kg7 42.
c4 dxc4 43. Bxc4 Kf6 44. d5 cxd5 45. Bxd5 Rd8 46. Rd4 Red7 47. e4 fxe4+ 48. Kxe4 h5 49. Rd1 Rxd5 50. Rxd5 Rxd5 51. Kxd5 g4 52. hxg4 hxg4 53.
Ke4 Kg5 54. Ke3 Kf5 55. Kf2 Kf4 56. Kg2 g3 57. Kg1 Kf3 58. Kf1 Ke3 59. Kg2 Kd4 60.
Kxg3 Kc4 61. Kf3 Kxb4 62. Ke4 Kxa5 63. Kd5 Kb4 64. Kd4 b5 65. Kd3 a5 66. Kc2 Ka3 67.
Kc3 b4+ 68. Kc4 b3 69. Kb5 b2 70. Kxa5 b1=Q 71. Ka6 Qb4 72. Ka7 Kb3 73. Ka8 Kc4 74.
Ka7 Kc5 75. Ka8 Kc6 76. Ka7 Qb7# 0-1

[Event "*** Qualifier 2: Titled Tuesday 3|2 Blitz"]
[Site "Chess.com"]
[Date "2017.04.11"]
[Round "6"]
[White "MorpheusPro"]
[Black "stepanosinovsky"]
[Result "0-1"]
[WhiteElo "2154"]
[BlackElo "2233"]
[TimeControl "180+2"]
[EndTime "14:25:11 PDT"]
[Termination "stepanosinovsky won by checkmate"]

1. d4 Nf6 2. Nf3 g6 3. Bf4 Bg7 4. e3 O-O 5. Nbd2 d6 6. Bc4 Nbd7 7. c3 a6 8. a4 b6 9. h4 Bb7 10. h5 Nxh5 11. Rxh5 gxh5 12. Ng5 e5 13. dxe5 dxe5 14.
Nxf7 Rxf7 15. Bxf7+ Kxf7 16. Qxh5+ Kg8 17. Bg5 Qe8 18. Qh4 Nc5 19. e4 Qg6 20. f3 Ne6 21. Be3 Rf8 22. O-O-O Bc6 23. Rh1 Bxa4 24. Nc4 Be8 25. Nd2 Nf4 26. Bxf4 exf4 27. Qh3 Bf7 28. Nf1 a5 29. Nh2 Qe6 30. Ng4 Bg6 31. Rd1 Qa2 32. Rd5 Qa1+ 33. Kc2 Qa4+ 34. Kc1 Qc6 35. Nh6+ Bxh6 36. Qxh6 a4 37. Rg5 a3 38. bxa3 Qxc3+ 39. Kb1 Qb3+ 40. Kc1 Qxa3+ 41. Kc2 Qa4+ 42. Kb2 Qb4+ 43.
Kc2 Qc4+ 44. Kb2 Qb4+ 45. Kc2 Qd6 46. Kb2 Qf6+ 47. Kc1 Ra8 48. Rd5 Qc3+ 49. Kd1 Ra1+ 50. Ke2 Re1+ 51. Kf2 Qe3# 0-1

[Event "*** Qualifier 2: Titled Tuesday 3|2 Blitz"]
[Site "Chess.com"]
[Date "2017.04.11"]
[Round "6"]
[White "gmcorrales"]
[Black "Alex_Molchanov"]
[Result "0-1"]
[WhiteElo "2590"]
[BlackElo "2429"]
[TimeControl "180+2"]
[EndTime "14:25:19 PDT"]
[Termination "Alex_Molchanov won by resignation"]

1. e4 c6 2. d4 d5 3. exd5 cxd5 4. c4 Nf6 5. Nc3 e6 6. Nf3 Bb4 7. cxd5 Nxd5 8. Bd2 O-O 9. Bd3 Nc6 10. O-O Be7 11.
a3 Bf6 12. Be3 b6 13. Qe2 Bb7 14. Rad1 Nce7 15. Ne4 Ng6 16. Nxf6+ Nxf6 17. Bg5 h6 18. Bc1 Ne7 19. Ne5 Nf5 20. Bxf5 exf5 21. Qe3 Qd5 22. Qg3 f4 23. Qh3 g5 24. f3 Kg7 25. Qf5 Rad8 26. h4 Qe6 27. Qb1 Nd5 28. Rfe1 Rg8 29. hxg5 hxg5 30. b3 Rh8 31. Qc2 Qh6 32.
Qf5 Qh2+ 33. Kf2 Qh4+ 34. Ke2 Rdf8 35. Rh1 Bc8 36. Rxh4 Bxf5 37. Rxh8 Rxh8 38. Bd2 Rh2 39. Kf2 Be6 40. Rc1 Ne3 41. Bxe3 fxe3+ 42. Kg3 Rh8 43. b4 Rd8 44. Nc6 Rd7 45. b5 f5 46.
f4 Kg6 47. Rc3 Kf6 48. Rxe3 gxf4+ 49. Kxf4 Bc4 50. a4 a6 51. bxa6 Bxa6 52. Rc3 Bb7 53. g3 Rd6 54. d5 Rxd5 55. Na7 Ra5 56. Nb5 Rxa4+ 57. Ke3 Re4+ 58. Kf2 Ba6 59. Nd6 Re6 60.
Ne8+ Rxe8 61. Ra3 Bc4 62. Ra4 b5 63. Ra6+ Re6 64. Kf3 Rxa6 0-1

[Event "*** Qualifier 2: Titled Tuesday 3|2 Blitz"]
[Site "Chess.com"]
[Date "2017.04.11"]
[Round "6"]
[White "VMikhalevski"]
[Black "GMMarcinDziuba"]
[Result "1-0"]
[WhiteElo "2548"]
[BlackElo "2530"]
[TimeControl "180+2"]
[EndTime "14:25:24 PDT"]
[Termination "VMikhalevski won on time"]

1. Nf3 d5 2. g3 c6 3. Bg2 Bg4 4.
O-O Nd7 5. d3 Ngf6 6. h3 Bh5 7.
c4 e6 8. cxd5 exd5 9. e4 dxe4 10. dxe4 Nc5 11. Nc3 Be7 12. g4 Qxd1 13. Rxd1 Bg6 14.
Ne5 Bxe4 15. Nxe4 Nfxe4 16. Re1 Nd6 17. Nxc6 Ne6 18. Nxe7 Kxe7 19. b3 Rhd8 20. Ba3 Rd7 21. Rad1 Rad8 22. Rd2 Ke8 23. f4 Nb5 24. Rxd7 Rxd7 25.
Bb2 Kd8 26. Be5 g6 27. Re3 Nbd4 28. a4 b6 29. b4 a5 30. bxa5 bxa5 31. Kf2 Nc5 32.
Rc3 Ndb3 33. Ke2 Ke7 34. Bc6 Rd8 35. Re3 Kf8 36. Bf6 Rc8 37. Bb5 Nc1+ 38. Kf3 Ne6 39. f5 gxf5 40. gxf5 Ng7 41. Kg4 Na2 42. Kg5 Nb4 43. Be7+ Kg8 44. Bxb4 axb4 45. Rb3 Rc5 46. Bd3 Rd5 47. Kf6 Ne8+ 48. Ke7 Nd6 49. f6 Nc8+ 50. Ke8 Na7 51. Bc4 Re5+ 52. Kd7 Rf5 53. Rg3+ Kf8 54.
Kc7 Rxf6 55. Bd5 Rf5 56. Rd3 b3 57. Bxb3 Rc5+ 58. Kb6 1-0

[Event "*** Qualifier 2: Titled Tuesday 3|2 Blitz"]
[Site "Chess.com"]
[Date "2017.04.11"]
[Round "6"]
[White "Witik"]
[Black "platy3"]
[Result "1-0"]
[WhiteElo "2516"]
[BlackElo "2634"]
[TimeControl "180+2"]
[EndTime "14:25:34 PDT"]
[Termination "Witik won by resignation"]

1. e4 c5 2. Nf3 e6 3. d4 cxd4 4.
Nxd4 Nc6 5. Nc3 Qc7 6. Be3 a6 7. Qf3 Nf6 8. O-O-O Bb4 9. Nxc6 bxc6 10. Bd4 d5 11. exd5 cxd5 12. Bd3 Bc5 13. Qe3 Bxd4 14.
Qxd4 O-O 15. f4 Rb8 16. g4 Nd7 17. h4 Qc5 18. Ne2 Rb4 19. Qxc5 Nxc5 20. c3 Rb6 21. Bc2 a5 22. Nd4 Bd7 23. g5 Rfb8 24. b3 Nb7 25. h5 Nd6 26. h6 g6 27. Kd2 Rc8 28. Rhe1 Kf8 29. Re3 Ke7 30. f5 gxf5 31. Bxf5 Rg8 32. Bxh7 Rxg5 33. Bd3 Rh5 34. h7 Rb8 35. Rg1 Rh8 36.
Rg8 R8xh7 37. Bxh7 Rxh7 38. Ra8 Ne4+ 39. Kc2 f5 40.
Rxa5 Rh2+ 41. Kb1 f4 42. Rd3 Kf6 43. Nc2 Be8 44. Kc1 Bg6 45. Nb4 Ng5 46. Rd2 Rh1+ 47. Kb2 f3 48. Ra8 Be4 49. Rf8+ Kg7 50. Rf4 Rg1 51.
Ka3 Kg6 52. Nc6 Nf7 53. Nd4 Ne5 54. Nxe6 Rg2 55. Rd1 f2 56. Rf1 Nd3 57. Rf8 Kh6 58.
Nd4 Rg1 59. R1xf2 Nxf2 60. Rxf2 Kg6 61. Kb4 Rh1 62. a4 Ra1 63. a5 Kg5 64. Kb5 Bd3+ 65. Kb6 Kg4 66. b4 Ra3 67. b5 Rxc3 68. a6 Rc4 69. a7 Ra4 70. Nc6 d4 71. Rf8 1-0

[Event "*** Qualifier 2: Titled Tuesday 3|2 Blitz"]
[Site "Chess.com"]
[Date "2017.04.11"]
[Round "6"]
[White "Aragon"]
[Black "talaicito"]
[Result "0-1"]
[WhiteElo "2108"]
[BlackElo "2037"]
[TimeControl "180+2"]
[EndTime "14:25:52 PDT"]
[Termination "talaicito won by resignation"]

1. e4 e6 2. c4 c5 3. Nc3 Nc6 4. g3 a6 5. Bg2 Qc7 6. Nge2 h5 7.
h3 b6 8. O-O Bb7 9. d4 cxd4 10.
Nxd4 Nf6 11. Be3 Ne5 12. b3 h4 13. f4 Nc6 14. g4 Nxd4 15. Bxd4 Bc5 16. e5 Bxg2 17.
Kxg2 Qc6+ 18. Kh2 Ne4 19. Nxe4 Qxe4 20. Bxc5 bxc5 21. Rf2 g5 22. Qf3 Qxf3 23. Rxf3 gxf4 24. Rxf4 a5 25. a4 Rb8 26. Rf3 Rg8 27. Re1 Rb6 28.
Ref1 Rg5 29. Re3 d6 30. exd6 Rxd6 31. Kg2 Ke7 32. Kf3 f6 33. Kf4 e5+ 34. Kf3 Rd4 35.
Ke2 Ke6 36. Ref3 Rg6 37. Rf5 Re4+ 38. Kd3 Rd4+ 39. Kc3 Ke7 40. R1f3 Ke6 41. Rh5 e4 42. Re3 Rg5 43. Rxh4 Ke5 44. Rh8 Kf4 45. Re1 Rd3+ 46.
Kc2 Rg3 47. Rf8 Rg2+ 48. Kc3 Rg3+ 49. Kc2 Rg2+ 50. Kc1 e3 51. Rxf6+ Ke5 52. Rf8 Rg6 53. Re8+ Kf4 54. R8xe3 Rd6 55. R3e2 Rg3 56. Rf1+ Kg5 57. Kc2 Rdd3 58. Rf5+ Kg6 59. Rxc5 Rc3+ 60. Kd2 Rxb3 61. Rb5 Rgd3+ 62. Ke1 Ra3 63. Re6+ Kf7 64. Re2 Rxh3 65. Rxa5 Rh1+ 66. Kf2 Rh2+ 67. Kf1 Ra1+ 68. Re1 Rh1+ 69.
Kf2 Rhxe1 70. c5 Rec1 71. Ke2 Rc4 72. Ra7+ Kg6 73. a5 Rxc5 74. Ra6+ Kg5 75. Rc6 Rxc6 0-1

[Event "*** Qualifier 2: Titled Tuesday 3|2 Blitz"]
[Site "Chess.com"]
[Date "2017.04.11"]
[Round "6"]
[White "djano"]
[Black "macko06"]
[Result "1-0"]
[WhiteElo "2321"]
[BlackElo "2345"]
[TimeControl "180+2"]
[EndTime "14:26:03 PDT"]
[Termination "djano won on time"]

1. d4 Nf6 2. Bf4 g6 3. Nc3 Bg7 4.
e4 d6 5. Qd2 Nbd7 6. Bh6 O-O 7.
h4 Bxh6 8. Qxh6 e5 9. O-O-O Ng4 10. Qd2 exd4 11. Qxd4 Qf6 12. Nh3 Qxd4 13. Rxd4 Nc5 14.
Be2 Ne5 15. Nf4 Ne6 16. Nxe6 Bxe6 17. h5 a6 18. a4 Nc6 19. Rd2 g5 20. h6 Ne5 21. b3 f6 22. Kb2 Kf7 23. Nd1 f5 24. exf5 Bxf5 25. Ne3 Be6 26. Nd5 Bxd5 27. Rxd5 Ke6 28.
Rd4 Rxf2 29. Rd2 Rxg2 30. Re1 Rf8 31. Bc4+ Kf5 32. Rxg2 Kg6 33. Bd5 g4 34. Be4+ Kg5 35. Bxh7 Kxh6 36. Be4 c6 37. c4 Kg5 38. Rd1 Rf4 39. Bc2 Rf6 40. Rgd2 Nf7 41. Rg1 Ne5 42. Bd1 a5 43. Kc3 c5 44. Rd5 Kh4 45. Rxe5 dxe5 46. Rxg4+ Kh3 47. Re4 Kg3 48. Rxe5 b6 49.
Bc2 Kf4 50. Re4+ Kg5 51. Re7 Rf3+ 52. Bd3 Rf6 53. Kd2 Kf4 54. Re4+ Kg3 55. Re3+ Kf4 56. Ke2 Rh6 57. Rf3+ Ke5 58. Ke3 Rh2 59. Be2 Rh1 60.
Kd3 Rb1 61. Kc2 Rh1 62. Rg3 Rh2 63. Kd3 Rh6 64. Bf1 Kf4 65. Re3 Rd6+ 66. Ke2 Kf5 67. Bg2 Kf4 68. Bd5 Rh6 69. Re6 Rh3 70. Rxb6 1-0

[Event "*** Qualifier 2: Titled Tuesday 3|2 Blitz"]
[Site "Chess.com"]
[Date "2017.04.11"]
[Round "6"]
[White "PelinGorki"]
[Black "Winehouse83"]
[Result "1-0"]
[WhiteElo "2397"]
[BlackElo "2316"]
[TimeControl "180+2"]
[EndTime "14:26:06 PDT"]
[Termination "PelinGorki won by resignation"]

1. e4 e5 2. Nc3 Nf6 3. Bc4 Nc6 4.
d3 Na5 5. Nge2 Nxc4 6. dxc4 Be7 7. O-O O-O 8. b3 d6 9. Qd3 b6 10. f4 exf4 11. Bxf4 Ng4 12. Rae1 Bb7 13. Nd4 Ne5 14. Qh3 Bg5 15. Nd5 Bxf4 16. Rxf4 Bc8 17. Qg3 Ng6 18. Nc6 Qd7 19. Nce7+ Nxe7 20. Nf6+ Kh8 21.
Nxd7 Bxd7 22. Ref1 f6 23. h4 Ng6 24. R4f2 Ne5 25.
h5 h6 26. Qf4 a5 27. a4 Rae8 28. Re1 Bc8 29. Rd2 Bg4 30. Re3 Bxh5 31. Rh3 Bg6 32. Re2 Nf7 33. Ree3 Ng5 34. Rhg3 Re5 35. Re1 Rfe8 36.
Rge3 Bxe4 37. Qf2 f5 38. c3 R8e6 39. b4 Rg6 40. Kh2 Rf6 41. g3 Rg6 42. Rf1 Rge6 43.
c5 axb4 44. cxb6 cxb6 45. cxb4 d5 46. Qb2 Kh7 47. a5 bxa5 48. bxa5 Re8 49. a6 R5e7 50. Ra3 Ra8 51. Rf2 Rd7 52. Qb5 Raa7 53. Qf1 Rf7 54. g4 fxg4 55. Rxf7 Rxf7 56. Qa1 Rf2+ 57. Kg3 Rg2+ 58. Kf4 Nh3+ 59. Ke5 Re2 60. a7 d4 61. Kxd4 Nf4 62. Re3 Ne6+ 63. Kxe4 Nc5+ 64. Kd4 Nb3+ 65. Rxb3 1-0

[Event "*** Qualifier 2: Titled Tuesday 3|2 Blitz"]
[Site "Chess.com"]
[Date "2017.04.11"]
[Round "6"]
[White "LawrenceTrent"]
[Black "Fandorine"]
[Result "1-0"]
[WhiteElo "2452"]
[BlackElo "2653"]
[TimeControl "180+2"]
[EndTime "14:26:32 PDT"]
[Termination "LawrenceTrent won on time"]

1. e4 c6 2. d4 d5 3. f3 Qb6 4. a4 e6 5. a5 Qc7 6. e5 Ne7 7. f4 c5 8. c3 Bd7 9. Nf3 b6 10. axb6 Qxb6 11. dxc5 Qxc5 12. Nbd2 Ng6 13. Nb3 Qb6 14. Nbd4 a5 15. Bd3 Bc5 16. b4 Be7 17. Be3 Qc7 18. Nb5 Bxb5 19. Bxb5+ Nd7 20. O-O O-O 21. Bxd7 Qxd7 22. bxa5 Qc7 23. Bd4 Rxa5 24. Rxa5 Qxa5 25. Qd2 Bc5 26. Bxc5 Qxc5+ 27. Nd4 Rc8 28. Rc1 h6 29. g3 Ne7 30. Kg2 Ra8 31. Rc2 Nc8 32. f5 exf5 33. Nxf5 Nb6 34. Qd4 Qxd4 35. cxd4 Kf8 36. Rc6 Nc4 37. Rc7 h5 38. Kh3 Rd8 39.
Kh4 Kg8 40. Ne7+ Kf8 41. Nc6 Ra8 42. Kxh5 Ne3 43. Kg5 Kg8 44. h3 Ra3 45. Ne7+ Kh7 46. Rd7 Nc2 47. Rxd5 Rxg3+ 48. Kf4 Rxh3 49. Rd7 Ne3 50.
Nc6 Kg6 51. d5 Ng2+ 52. Ke4 f5+ 53. Kd4 f4 54. Ne7+ Kg5 55. Rd6 f3 56. Rg6+ Kf4 57.
Rxg7 f2 58. Rf7+ Kg3 59. Nf5+ Kh2 60. Ne3 Nxe3 61. Rxf2+ Kg1 62. Rf8 Nc2+ 63. Kc5 Rc3+ 64. Kd6 Ne3 65. e6 Rd3 66. Rg8+ Kf2 67. Rg5 Nc4+ 68.
Kc7 Re3 69. Rg6 Ne5 70. Rf6+ Kg3 71. d6 Ng4 72. Rg6 Kf4 73. e7 Kf5 74. Rxg4 Kxg4 75. Kd7 Rxe7+ 76. dxe7 1-0

[Event "*** Qualifier 2: Titled Tuesday 3|2 Blitz"]
[Site "Chess.com"]
[Date "2017.04.11"]
[Round "6"]
[White "Spartakus1975"]
[Black "XDPS"]
[Result "1/2-1/2"]
[WhiteElo "2537"]
[BlackElo "2569"]
[TimeControl "180+2"]
[EndTime "14:26:33 PDT"]
[Termination "Game drawn by repetition"]

1. e4 c5 2. c3 d6 3. d4 Nf6 4. Bd3 Qc7 5. h3 b6 6. Nf3 Bb7 7. Nbd2 e6 8. O-O Be7 9. Qe2 O-O 10. e5 Nd5 11. Ne4 dxe5 12. dxe5 Nd7 13. Ng3 g6 14. a3 Bd8 15. c4 Ne7 16. Bf4 Nf5 17. Ne4 Be7 18.
Rad1 Rad8 19. Bb1 Nb8 20. Bg5 Bxe4 21. Qxe4 Bxg5 22. Nxg5 Nc6 23. Nf3 Ncd4 24. Nxd4 Nxd4 25. Rd3 Rd7 26. Rfd1 Rfd8 27. b4 Nc6 28. Rxd7 Rxd7 29. Rxd7 Qxd7 30. b5 Qd1+ 31. Kh2 Nd4 32. Bd3 Qd2 33.
f4 Kg7 34. a4 Qd1 35. h4 Qxa4 36. Qb7 Qd1 37. Qe7 Qg4 38. Qf6+ Kg8 39. Qd8+ Kg7 40. Qf6+ Kh6 41. Be4 Ne2 42. Qg5+ Qxg5 43. hxg5+ Kg7 44. g3 h6 45. Kg2 hxg5 46. fxg5 Kf8 47. Kf3 Nd4+ 48. Kf4 Ke7 49. Bd3 Nb3 50. Ke3 Nd4 51.
Kf4 Kd7 52. Ke3 Kc7 53. Be4 Nf5+ 54. Kf4 Ng7 55. Bc6 Nf5 56. Be8 Ne7 57. Bxf7 Kd7 58. g4 Kc7 59. Bxe6 Kd8 60. Bf7 Kd7 61. Ke4 Kc7 62.
Be6 Kd8 63. Bf5 Kc7 64. Bxg6 Nxg6 65. Kf5 Ne7+ 66. Kf6 Kd7 67. g6 Ke8 68. g7 Ng8+ 69.
Ke6 Nh6 70. g5 Ng8 71. g6 Ne7 72. Kd6 Nf5+ 73. Kc7 Nxg7 74. Kb7 Kd7 75. Kxa7 Kc7 76.
Ka6 Ne6 77. Ka7 Ng7 78. Ka8 Nf5 79. Ka7 Ng7 80. Ka8 Ne6 81. Ka7 Ng7 82. Ka8 Ne6 83.
Ka7 Ng7 1/2-1/2

[Event "*** Qualifier 2: Titled Tuesday 3|2 Blitz"]
[Site "Chess.com"]
[Date "2017.04.11"]
[Round "6"]
[White "Lector118"]
[Black "SmoothAsAHedgehog"]
[Result "1-0"]
[WhiteElo "2423"]
[BlackElo "2503"]
[TimeControl "180+2"]
[EndTime "14:26:51 PDT"]
[Termination "Lector118 won by resignation"]

1. d4 Nf6 2. c4 e6 3. g3 Bb4+ 4. Bd2 Qe7 5. Bg2 Nc6 6. e3 O-O 7. Ne2 Bxd2+ 8. Qxd2 d6 9. O-O e5 10. Nbc3 Bg4 11. d5 Nb8 12. h3 Bxe2 13. Qxe2 a5 14. e4 Na6 15. a3 Nc5 16. Qc2 a4 17. Rad1 Nfd7 18. f4 exf4 19. gxf4 f5 20. Nb5 Rac8 21.
exf5 Nb3 22. Rde1 Qf7 23. Bf3 Ndc5 24. Kh2 Qf6 25. Rg1 Nd4 26. Qc3 Nxb5 27. cxb5 Qxc3 28.
bxc3 Rce8 29. Bh5 Rxe1 30. Rxe1 Rxf5 31. Re8+ Rf8 32. Re7 g6 33. Bg4 Rf7 34. Re8+ Kg7 35. Kg3 Rf8 36. Re7+ Rf7 37. Re8 Nd3 38. Re4 Kf8 39.
Rxa4 Re7 40. Be6 Nc5 41. Ra8+ Kg7 42. Rc8 Kf6 43. Rf8+ Kg7 44. Rd8 b6 45. Kg4 Kf6 46.
Rf8+ Kg7 47. Rc8 Ne4 48. c4 Nd2 49. c5 bxc5 50. Rg8+ Kf6 51. Rf8+ Kg7 52. Rg8+ Kh6 53. f5 gxf5+ 54. Kxf5 Rg7 55. Rxg7 Kxg7 56. Kf4 Kf6 57. a4 Nb3 58. Ke4 Na5 59. h4 h6 60. Bg8 c4 61.
Be6 Kg6 62. Bg4 Kf6 63. Kd4 Kg6 64. Kc3 Kf6 65. Kb4 Nb7 66. Kxc4 Ke5 67. Bf3 Kf4 68. Bh1 Kg4 69. Kb4 Kxh4 70. a5 Nc5 71. a6 Nd7 72. b6 Nxb6 73. Kb5 Kg3 74. Kc6 Kh2 75. Be4 h5 76.
Kxc7 Na8+ 77. Kb7 Kg3 78. Kxa8 Kf4 79. Bh1 1-0

[Event "*** Qualifier 2: Titled Tuesday 3|2 Blitz"]
[Site "Chess.com"]
[Date "2017.04.11"]
[Round "6"]
[White "Ilja_Semjonovs"]
[Black "dhanushbharadwaj"]
[Result "0-1"]
[WhiteElo "2167"]
[BlackElo "2336"]
[TimeControl "180+2"]
[EndTime "14:27:04 PDT"]
[Termination "dhanushbharadwaj won by resignation"]

1. d4 g6 2. Nf3 Bg7 3. c3 Nf6 4.
Bg5 O-O 5. Bxf6 Bxf6 6. e3 d6 7. Bd3 Nd7 8. Nbd2 b6 9. Qc2 Bb7 10. O-O-O e5 11. h4 exd4 12. exd4 Bg7 13. h5 Qf6 14. hxg6 hxg6 15. Kb1 Rfe8 16. Ne4 Qf4 17. Rh4 Rxe4 18. Rxf4 Rxf4 19. Re1 Bxf3 20. gxf3 Rd8 21. Bc4 Nf8 22. Bd5 Rf5 23. Qb3 Rd7 24. Re8 c5 25.
Be4 Rf4 26. Qd5 cxd4 27. Qc6 d5 28. Rxf8+ Bxf8 29. Qxd7 dxe4 30. fxe4 dxc3 31. bxc3 a5 32. Qd4 Bc5 33. Qd8+ Kg7 34. e5 Rxf2 35. Qd7 Re2 36. Qd5 g5 37. e6 Re1+ 38. Kc2 Rxe6 39. Qxg5+ Rg6 40. Qe5+ f6 41. Qe4 Kh6 42. Kb3 Kg5 43. Qg2+ Kh6 44. Qh3+ Kg7 45. a4 Rg5 46. Kc4 Kg6 47.
Kd3 f5 48. Qh8 Rg3+ 49. Kc4 Rg4+ 50. Kd5 Kg5 51. Qg7+ Kh4 52. Qh6+ Kg3 53. Qh1 f4 54. Qe1+ Bf2 55. Qe5 Kg2 56. Qe4+ Kg3 57. Qe5 Kh4 58. Ke4 Kg3 59. Qd6 Be3 60. Kf5 Kh3 61. Qd1 Rg2 62.
Qh1+ Kg3 63. Ke4 Rh2 64. Qe1+ Rf2 65. Qg1+ Rg2 66. Qe1+ Kh3 67. Qf1 Kg3 68. Qf3+ Kh2 69. Qh5+ Kg1 70. c4 Rg3 71. Qd1+ Kh2 72. Qe2+ Rg2 73.
Qh5+ Kg1 74. Qd1+ Kf2 75. Qf3+ Kg1 76. Qh3 Rg3 77. Qh5 f3 78. Qh4 Kg2 79. Qh5 f2 80.
Qe2 Kg1 81. Qd1+ f1=Q 0-1

[Event "*** Qualifier 2: Titled Tuesday 3|2 Blitz"]
[Site "Chess.com"]
[Date "2017.04.11"]
[Round "6"]
[White "proxy6"]
[Black "alturas_pacificas"]
[Result "0-1"]
[WhiteElo "2210"]
[BlackElo "2142"]
[TimeControl "180+2"]
[EndTime "14:27:07 PDT"]
[Termination "alturas_pacificas won by resignation"]

1. e4 e5 2. Nf3 Nf6 3. Nxe5 d6 4.
Nc4 Nxe4 5. Nc3 Nxc3 6. dxc3 d5 7. Ne3 c6 8. Bd3 Be7 9. Bd2 O-O 10. Qf3 Nd7 11. O-O-O Ne5 12. Bxh7+ Kxh7 13. Qh5+ Kg8 14. Qxe5 Bf6 15. Qg3 a5 16. h4 a4 17. a3 Qb6 18.
Ng4 Bxg4 19. Qxg4 d4 20. cxd4 Bxd4 21. Bb4 c5 22. Rxd4 cxd4 23. Bxf8 Rxf8 24. Rd1 Rd8 25. Qf4 Qc5 26. Kb1 b5 27. Rd3 Rc8 28. Qd2 Rd8 29. c3 Qf5 30. Qc2 Qg4 31. g3 Rd7 32. cxd4 Rxd4 33. Rxd4 Qxd4 34. Qc8+ Kh7 35. Qf5+ Kg8 36.
Qxb5 Qxf2 37. Qxa4 Qe1+ 38. Ka2 Qxg3 39. Qe8+ Kh7 40.
Qe4+ g6 41. a4 f5 42. Qe7+ Kh8 43. a5 Qd3 44. Qe5+ Kh7 45. Qc7+ Kh6 46. Qf4+ Kh7 47. Qe5 Qc4+ 48. Ka3 f4 49. b3 Qc1+ 50. Ka4 Qc6+ 51. Ka3 f3 52. Qe7+ Kh6 53. Qg5+ Kh7 54. Qe7+ Kh6 55.
Qf8+ Kh7 56. Qf7+ Kh6 57. Qf4+ Kg7 58. Qe5+ Kf7 59. Qf4+ Ke7 60. Qe5+ Kd7 61. Qg7+ Kc8 62. Qf8+ Kb7 63. Qe7+ Ka6 64. b4 Qc3+ 65. Ka2 Qc2+ 66.
Ka3 Qc3+ 67. Ka2 Qd2+ 68. Kb3 Qd3+ 69. Ka4 Qb5+ 70. Ka3 Qd3+ 71. Ka4 Qc2+ 72. Ka3 Qc1+ 73. Ka2 Qd2+ 74. Ka3 Qd3+ 75. Ka4 Qd1+ 76. Ka3 Qa1+ 77. Kb3 Qb1+ 78. Kc4 Qc2+ 79. Kd5 Qd2+ 80. Kc6 Qc3+ 81.
Kd7 Qd3+ 82. Ke8 Qe2 83. b5+ Kxb5 0-1

[Event "*** Qualifier 2: Titled Tuesday 3|2 Blitz"]
[Site "Chess.com"]
[Date "2017.04.11"]
[Round "6"]
[White "GianmarcoVaR"]
[Black "ehrenfeld"]
[Result "1/2-1/2"]
[WhiteElo "2477"]
[BlackElo "2325"]
[TimeControl "180+2"]
[EndTime "14:27:10 PDT"]
[Termination "Game drawn by agreement"]

1. e4 d6 2. d4 g6 3. Nc3 Bg7 4.
f3 a6 5. a4 b6 6. Be3 Bb7 7. Qd2 Nd7 8. Nge2 c5 9. d5 h5 10. Nf4 Ngf6 11. Be2 O-O 12. O-O Qc7 13.
Nd3 Rae8 14. Rac1 e6 15. dxe6 Rxe6 16. Nf4 Re7 17. Rfd1 d5 18. exd5 Qe5 19. Bf2 Bh6 20.
Bg3 h4 21. Nxg6 Bxd2 22. Bxe5 Be3+ 23. Kf1 fxg6 24. Bd6 Ree8 25. Bxf8 Bxc1 26. Rxc1 Kxf8 27. Rd1 Kf7 28. Kf2 g5 29. Nb1 Bxd5 30. Bxa6 Bc6 31. b3 Ne5 32. Nc3 Re7 33. Bc8 Ng6 34. Rd6 Rc7 35.
Bf5 Ne7 36. Be6+ Kg7 37. Nb5 Bxb5 38. axb5 Rb7 39. Ke3 Ne8 40. Rd8 Kf6 41. Bc4 Nc7 42. Rd6+ Ke5 43. Rd8 Ncd5+ 44. Kf2 Nf6 45. Rd1 Rd7 46.
Re1+ Kd4 47. Re3 Ned5 48. Rd3+ Ke5 49. g3 hxg3+ 50. hxg3 Nc7 51. Re3+ Kd6 52. g4 Rh7 53. Kg2 Nfd5 54. Re1 Re7 55. Rh1 Ne3+ 56. Kg3 Nxc4 57. bxc4 Re3 58. Rh7 Rc3 59. Rg7 Ne6 60. Rb7 Rxc4 61.
Rxb6+ Ke5 62. Kf2 Rxc2+ 63. Ke3 Rc3+ 64. Kf2 Rb3 65. Rb8 Nd4 66. b6 Rxf3+ 67. Kg2 Rb3 68. b7 Ne6 69. Kf2 c4 70. Ke2 Rb6 71. Kd2 Kf4 72.
Re8 Rxb7 73. Rxe6 Kxg4 74. Re4+ Kf3 75. Rxc4 Re7 76. Rc3+ Kf2 77. Rc4 Re5 78. Kd1 Rd5+ 79. Kc2 Kf3 80. Rc3+ Ke4 81. Rc4+ Rd4 82. Rxd4+ Kxd4 83.
Kd2 Ke4 84. Ke2 Kf4 85. Kf2 Kg4 86. Kg2 Kf4 87. Kf2 g4 88. Kg2 1/2-1/2

[Event "*** Qualifier 2: Titled Tuesday 3|2 Blitz"]
[Site "Chess.com"]
[Date "2017.04.11"]
[Round "6"]
[White "GrigorGrigorov"]
[Black "Bigfish1995"]
[Result "1/2-1/2"]
[WhiteElo "2506"]
[BlackElo "2640"]
[TimeControl "180+2"]
[EndTime "14:27:19 PDT"]
[Termination "Game drawn - insufficient material"]

1. d4 Nf6 2. c4 e6 3. Nc3 Bb4 4.
e3 O-O 5. Ne2 d5 6. a3 Bd6 7.
Ng3 c6 8. Be2 dxc4 9. Bxc4 e5 10. dxe5 Bxe5 11. Qc2 Ng4 12. Be2 Qh4 13. Bxg4 Bxg4 14.
O-O Nd7 15. f3 Be6 16. f4 Bc7 17. b3 Nf6 18. Nf5 Bxf5 19. Qxf5 Rfe8 20. g3 Qg4 21. Qxg4 Nxg4 22. Nd1 Bb6 23. Re1 Rad8 24. h3 Nf6 25. Nf2 Nd5 26. e4 Bd4 27. Ra2 Nc3 28.
Rc2 Nxe4 29. Be3 Nc5 30. Rce2 Nxb3 31. Bxd4 Rxe2 32. Rxe2 Nxd4 33. Re7 Rb8 34. Ne4 h6 35. g4 Ne2+ 36. Kf2 Nxf4 37. Kg3 Nd5 38. Rd7 Nf6 39.
Nxf6+ gxf6 40. Rc7 Kg7 41. Kf4 a5 42. h4 a4 43. h5 Rd8 44. Rxb7 Rd4+ 45. Kf5 Rd3 46. Rc7 Rc3 47. Rc8 c5 48. Kf4 Rc4+ 49. Kf5 Rc3 50. Kf4 Rxa3 51. Rxc5 Rb3 52. Ra5 a3 53. Ra8 Rc3 54. Kf5 Rb3 55. Kf4 Rd3 56. Ke4 Rh3 57. Kf4 f5 58. Kxf5 Rb3 59. Ke5 Rb5+ 60. Kf4 Rb4+ 61.
Kf5 Rb3 62. Ke5 Rh3 63. Kf5 Rc3 64. Ke5 f6+ 65. Kf5 Rc5+ 66. Kf4 Rc4+ 67. Kf5 Rc5+ 68.
Kf4 Rc4+ 69. Kf5 Rc5+ 70. Kf4 Rc4+ 71. Kf5 Rc5+ 72. Kf4 Rc3 73. Ra7+ Kf8 74. Kf5 Rf3+ 75. Kg6 Rf4 76. Kxh6 Rxg4 77. Rxa3 Kf7 78. Ra7+ Ke6 79. Rg7 Rh4 80. Rg1 f5 81. Kg6 f4 82. Re1+ Kd5 83.
h6 f3 84. h7 Kd4 85. Kg7 f2 86. Rf1 Ke3 87. h8=Q Rxh8 88. Kxh8 Ke2 89. Rxf2+ Kxf2 1/2-1/2

[Event "*** Qualifier 2: Titled Tuesday 3|2 Blitz"]
[Site "Chess.com"]
[Date "2017.04.11"]
[Round "6"]
[White "TheNextLevelFan"]
[Black "oskariot"]
[Result "0-1"]
[WhiteElo "2379"]
[BlackElo "2411"]
[TimeControl "180+2"]
[EndTime "14:29:54 PDT"]
[Termination "oskariot won on time"]

1. d4 g6 2. e4 d6 3. Nc3 Bg7 4.
Bc4 a6 5. a4 b6 6. Nf3 Bb7 7.
O-O e6 8. Re1 Ne7 9. Bf4 Nd7 10. Qd2 h6 11. Rad1 g5 12. Bg3 Ng6 13.
h3 O-O 14. Qe3 Qe7 15. e5 d5 16. Bd3 c5 17. dxc5 bxc5 18. Bxg6 fxg6 19. Qe2 Rf5 20. Rd3 Raf8 21. Nd1 d4 22. Nd2 Nxe5 23. Rb3 Bd5 24. Rb6 Qc7 25. a5 Qd7 26. c4 dxc3 27. Nxc3 Nc6 28. Nxd5 exd5 29. Qe6+ Qxe6 30. Rxe6 Nxa5 31. Rxa6 Nc4 32. Nxc4 dxc4 33. Rxg6 R8f6 34. Ra8+ Kh7 35. Rxf6 Bxf6 36. Ra4 Bxb2 37. Rxc4 Bd4 38. Kf1 Kg6 39. Ke2 Kf6 40. f3 Ke6 41. Kd3 Kd5 42. Rc2 Rf7 43. h4 Rb7 44. hxg5 hxg5 45. Be1 Rb3+ 46. Ke2 Re3+ 47. Kf1 c4 48. Bd2 Re5 49. Bb4 g4 50. fxg4 Re4 51. g5 Rg4 52. Bd2 Ke4 53. Rxc4 Kd3 54.
Rxd4+ Kxd4 55. Kf2 Ke4 56. g3 Kf5 57. Kf3 Ra4 58.
Bf4 Ra3+ 59. Kf2 Kg4 60. Ke2 Kf5 61. Kf2 Ke4 62. g6 Ra6 63. g7 Rg6 64. Ke2 Rxg7 65. Kf2 Rb7 66. Kg2 Rb2+ 67. Kh3 Kf3 68. Kh4 Rb5 69.
Bd6 Rd5 70. Bf4 Ke4 71. Kg4 Rd8 72. Kg5 Rg8+ 73. Kf6 Kf3 74. Kf5 Ra8 75. Kg5 Ra5+ 76. Kf6 Ke4 77. Kg6 Ra6+ 78. Kg5 Ra5+ 79. Kg4 Kd5 80. Kf5 Kd4+ 81. Kf6 Ke4 82. Kg6 Rf5 83. Kh6 Kf3 84. Kg6 Kg4 85. Kh6 Rf6+ 86. Kg7 Re6 87. Kf7 Rc6 88. Ke7 Kf5 89. Kd7 Ra6 90. Kc7 Ke4 91. Kb7 Rg6 92. Ka8 Kd5 93. Kb7 Rf6 94.
Kc7 Kc5 95. Kd7 Kd5 96. Ke7 Ra6 97. Kf7 Ke4 98. Ke7 Kf5 99. Kd7 Kf6 100. Kc7 Ke6 101. Kb7 Ra4 102. Kc6 Rc4+ 103. Kb5 Kd5 104. Kb6 Rb4+ 105. Kc7 Rb5 106. Kc8 Kc6 107. Kd8 Rb7 108. Ke8 Kd5 109. Kd8 Ke6 110. Kc8 Ra7 111. Kb8 Rh7 112. Kc8 Kd5 113.
Kd8 Ke6 114. Kc8 Rd7 115. Kb8 Kd5 116. Kc8 Kc6 117. Kb8 Rd8+ 118. Ka7 Re8 119. Bb8 Re7+ 120. Ka8 Kb6 121. g4 Rg7 122. g5 Rg6 123. Ba7+ Ka6 124. Bb8 Rg7 125. g6 Kb6 0-1